 Dungeon Crawl Stone Soup version 0.31-a0-210-gccc998df9b (webtiles) character file.

Game seed: 9321962547171408035

367 lunkers the Trooper (level 7, 0/65 (66) HPs)
             Began as a Meteoran Wanderer on June 29, 2023.
             Was an Initiate of Okawaru.
             Slain by Menkaure (9 damage)
             ... on level 4 of the Dungeon.
             The game lasted 00:06:40 (1758 turns).

lunkers the Trooper (Meteoran Wanderer)             Turns: 1758, Time: 00:06:41

HP:   0/65 (66)     AC:  8    Str: 14    XL:     7   Next: 21%
MP:   19/19         EV: 13    Int: 12    God:    Okawaru [......]
Gold: 117           SH:  0    Dex: 17    Spells: 7/8 levels left

rFire   . . .        a - +0 rapier (venom)
rCold   + . .        (no shield)
rNeg    + + .        k - +1 robe {Will+}
rPois   .            (no helmet)
rElec   .            (no cloak)
rCorr   .            b - +0 pair of gloves
SInv    .            (no boots)
Will    +....        m - amulet of regeneration
Stlth   +            o - ring "Nuffegy" {rC+ rN++ MP+9}
HPRegen 1.10/turn    r - +4 ring of protection
MPRegen 0.16/turn

%: no passive effects
@: hasted, glowing, lightly drained, invisible (but backlit and visible), very
quick
A: sense surroundings 1, otherworldly, glowing, explore regen
a: Renounce Religion


You were on level 4 of the Dungeon.
You worshipped Okawaru.
Okawaru was noncommittal.
You visited 1 branch of the dungeon, and saw 4 of its levels.

You collected 117 gold pieces.

Inventory:

Hand Weapons
 a - a +0 rapier of venom (weapon)
 v - a +0 sling
Armour
 b - a +0 pair of gloves (worn)
 d - a +0 robe
 k - a +1 robe of willpower (worn)
Jewellery
 e - a ring of magical power
 l - a ring of resist corrosion
 m - an amulet of regeneration (around neck)
 o - the ring "Nuffegy" (left hand) {rC+ rN++ MP+9}
   (You found it on level 2 of the Dungeon)

   [ring of protection from cold]

   rC:        It protects you from cold.
   rN:        It greatly protects you from negative energy.
   MP:        It affects your magic capacity (+9).
 r - a +4 ring of protection (right hand)
Wands
 q - a wand of charming (8)
Scrolls
 g - 2 scrolls of teleportation {unknown}
 h - 2 scrolls of immolation {unknown}
 i - 4 scrolls of identify {unknown}
 n - a scroll of fog {unknown}
 p - 2 scrolls of fear {unknown}
 t - a scroll of acquirement {unknown}
 u - a scroll of enchant armour {unknown}
Potions
 c - a potion of attraction
 f - 2 potions of curing


   Skills:
 - Level 7.2 Fighting
 + Level 2.0 Short Blades
 - Level 1.1 Ranged Weapons
 - Level 1.2 Armour
 - Level 2.4 Dodging
 - Level 1.3 Spellcasting
 - Level 3.6 Translocations


You had 7 spell levels left.
You knew the following spells:

 Your Spells              Type           Power      Damage    Failure   Level
p - Apportation           Tloc           18%        N/A       7%          1

Your spell library contained the following spells:

 Spells                   Type           Power      Damage    Failure   Level
 Lesser Beckoning         Tloc           18%        N/A       10%         2
 Ensorcelled Hibernation  Hex/Ice        0%         N/A       41%         2
 Passwall                 Tmut/Erth      0%         N/A       41%         2
 Manifold Assault         Tloc           9%         N/A       54%         4
 Swiftness                Air            0%         N/A       65%         3
 Orb of Destruction       Conj           0%         9d5       100%        7
 Summon Guardian Golem    Hex/Summ       Unusable   N/A       N/A         3
 Spellforged Servitor     Conj/Summ      Unusable   N/A       N/A         7

Dungeon Overview and Level Annotations

Branches:
Dungeon (4/15) Zot: 530    Temple (0/1) D:4

Altars:
Ashenzari
Cheibriados
Elyvilon
Kikubaaqudgha
Makhleb
Okawaru
The Shining One

Shops:
D:1 =

Annotations:
D:4 Menkaure


Innate Abilities, Weirdness & Mutations

You passively map a small area around you.
You are easily found by Zot.
You glow in the dark.
You regain HP and MP as you explore.


Message History

You easily resist.
It was a potion of cancellation.
You feel magically purged.
Menkaure calls on the powers of darkness!
Your body is wracked with pain!
It was a potion of invisibility.
You become transparent, but the glow from your body prevents you from becoming completely invisible.
Menkaure hits you.
* * * LOW HITPOINT WARNING * * *
You hit Menkaure.
Menkaure is lightly damaged.
Menkaure misses you.
Menkaure calls on the powers of darkness!
Your body is wracked with pain!
* * * LOW HITPOINT WARNING * * *
It was a potion of haste.
You feel yourself speed up.
The endoplasm jiggles.
Menkaure hits you!
* * * LOW HITPOINT WARNING * * *
You hit Menkaure but do no damage.
Menkaure is lightly damaged.
Menkaure hits you!
* * * LOW HITPOINT WARNING * * *
You barely miss Menkaure.
Menkaure is lightly damaged.
Menkaure casts a spell at you.
You easily resist.
You hit Menkaure but do no damage.
Menkaure is lightly damaged.
Menkaure hits you but does no damage.
You hit Menkaure but do no damage.
Menkaure is lightly damaged.
Menkaure calls on the powers of darkness!
Your body is wracked with pain!
* * * LOW HITPOINT WARNING * * *
You puncture Menkaure!
Menkaure is moderately damaged.
You hit Menkaure but do no damage.
Menkaure is moderately damaged.
Menkaure hits you!
You die...

#.# * .# #.#
*#..# , #.#
*#...##
#.####.....#
#.#...#...#
#.#.#....#
#......#
#.)#M#...# *
**#...#@#
*...* ,
,....##†..#* .
*
###..#.......
..##..>..##..
.#?,......#. ,
#...###...##.#
* ###.# ... ,
.J#.# #. ** *
*


You could see Menkaure (fast) and an endoplasm.

Vanquished Creatures
  Eustachio (D:4)
  A wight (D:4)
  A hound (D:3)
  2 mummies
  Robin (D:4)
  5 adders
  A worm (D:3)
  2 dart slugs (D:1)
  An orc (D:3)
  7 endoplasms
  4 giant cockroaches
  6 goblins
  9 hobgoblins
  2 kobolds (D:1)
  6 quokkas
  3 ball pythons
  5 bats
  2 frilled lizards
  2 rats
61 creatures vanquished.

Notes
Turn   | Place    | Note
-------+----------+-------------------------------------------
     0 | D:1      | lunkers the Meteoran Wanderer began the quest for the Orb.
     0 | D:1      | lunkers set off with the following items: a +0 sling, a +0
                  | pair of gloves, a potion of attraction, a +0 robe; and the
                  | following spell memorised: Apportation; and the following
                  | spells available to memorise: Lesser Beckoning, Manifold
                  | Assault.
     0 | D:1      | Reached XP level 1. HP: 17/17 MP: 3/3
   107 | D:1      | Reached XP level 2. HP: 18/25 MP: 5/5
   109 | D:1      | Reached skill level 3 in Fighting
   136 | D:1      | Found Zamyfeas's Jewellery Emporium.
   256 | D:1      | Reached XP level 3. HP: 31/31 MP: 6/6
   539 | D:2      | Reached skill level 4 in Fighting
   594 | D:2      | Reached XP level 4. HP: 33/40 MP: 7/7
   707 | D:2      | Identified the ring "Nuffegy" {rC+ rN++ MP+9}
   835 | D:3      | Found a glowing golden altar of the Shining One.
   835 | D:3      | Found a broken altar of Ashenzari.
   888 | D:3      | Reached skill level 5 in Fighting
   888 | D:3      | Reached XP level 5. HP: 38/48 MP: 8/8
   902 | D:3      | Found an ancient bone altar of Kikubaaqudgha.
   917 | D:3      | Found a burning altar of Makhleb.
   985 | D:3      | Found a white marble altar of Elyvilon.
  1196 | D:3      | Found a snail-covered altar of Cheibriados.
  1453 | D:4      | Noticed Robin
  1469 | D:4      | Killed Robin
  1470 | D:4      | Reached skill level 6 in Fighting
  1470 | D:4      | Reached XP level 6. HP: 54/57 MP: 9/9
  1515 | D:4      | Identified the +1 hand axe "Noptu" {drain, rN+ rCorr}
  1565 | D:4      | Noticed Eustachio
  1635 | D:4      | Killed Eustachio
  1636 | D:4      | Reached skill level 7 in Fighting
  1649 | D:4      | Found an iron altar of Okawaru.
  1657 | D:4      | Became a worshipper of Warmaster Okawaru
  1697 | D:4      | Reached skill level 1 in Short Blades
  1697 | D:4      | Reached XP level 7. HP: 16/64 MP: 10/10
  1742 | D:4      | Noticed Menkaure
  1744 | D:4      | Found a staircase to the Ecumenical Temple.
  1758 | D:4      | Slain by Menkaure

Illustrated notes

Levels and vault maps discovered:
D:1:      spicycebolla_arrival_xxxplode, layout_rooms, serial_shops, shop,
          minmay_pentomino_s4
D:2:      layout_rooms, chequers_garden
D:3:      layout_rooms, overflow_temple_1_default, chei_slow_surprise,
          elyvilon_altar_3, mainiacjoe_overflow_alcove_4,
          mainiacjoe_overflow_divided_tiny, serial_rivers,
          chequers_serial_rivers_micro_c, chequers_serial_rivers_micro_b,
          chequers_serial_rivers_small_3, chequers_serial_rivers_micro_c
D:4:      layout_loops_ring, grunt_temple_overflow_gold_and_silver,
          lemuel_mausoleum_altar_yredelemnul, mainiacjoe_overflow_catwalk,
          minmay_temple_entry_slanted, uniq_menkaure, uniq_eustachio, uniq_robin

Skill      XL: |  1  2  3  4  5  6  7 |
---------------+----------------------+-----
Fighting       | 3 4 5 6 7 |  7.2
Short Blades   | 1 2 |  2.0
Ranged Weapons | |  1.1
Armour         | |  1.2
Dodging        | |  2.4
Spellcasting   | |  1.3
Translocations | |  3.6

Action                     |  1- 3 |  4- 6 |  7- 9 || total
---------------------------+-------+-------+-------++-------
  Melee: Rapier            |       |    14 |    15 ||    29
   Fire: Sling             |    86 |   239 |       ||   325
    Use: Potion            |       |       |     4 ||     4
 Armour: Robe              |    14 |   150 |     1 ||   165
  Dodge: Dodged            |    36 |   178 |     4 ||   218

Table legend: (Time is in decaauts)
 A = Elapsed time spent in this place.
 B = Non-inter-level travel time spent in this place.
 C = Inter-level travel time spent in this place.
 D = Time resting spent in this place.
 E = Time spent auto-exploring this place.
 F = Levels seen in this place.
 G = Mean time per level.
                   A        B        C        D        E       F      G
               +--------+--------+--------+--------+--------+-----+--------+
         Total |   1868 |   1836 |     32 |      0 |   1128 |   4 |  467.0 |
       Dungeon |   1868 |   1836 |     32 |      0 |   1128 |   4 |  467.0 |
               +--------+--------+--------+--------+--------+-----+--------+

Top non-repeatable levels by time:
     D:3: 667 daAuts
     D:1: 434 daAuts
     D:4: 434 daAuts
     D:2: 332 daAuts
